General information
			
			
        
        - name: BNet
 
        - type: Ladder team game (AT/RT)
 
        - host: Battle.net
 
        - saver: TIMG4STRok
 
        
map: Mur'gulOasis 
        - players: 8
 
        - length: 16:51
 
        - speed: Fast
 - version: 1.22 W3XP
 - replay type:  

 
» download(172 KB)
Players
        team 1 (winner) 
              
              
B1GID1OT (
red | 105 APM | 1772 actions | 16:50)
              
 4 Death Knight 
 2 Death Coil
 2 Unholy Aura
 3 Lich 
 2 Frost Nova
 1 Frost Armor
 1 Dreadlord 
 1 Sleep
 
                » actions 
                
                | Assign group hotkey | 19 |  | 
| Basic commands | 138 |  | 
| Build / train | 42 |  | 
| Enter build submenu | 11 |  | 
| Enter hero's abilities submenu | 8 |  | 
| Give item / drop item | 3 |  | 
| Right click | 829 |  | 
| Select / deselect | 325 |  | 
| Select group hotkey | 333 |  | 
| Use ability | 64 |  | 
                1772 total
 » units 
                
                | Acolyte | 2 |  | 
| Ghoul | 2 |  | 
| Crypt Fiend | 7 |  | 
| Frost Wyrm | 3 |  | 
                14 total
 » upgrades
                
                | Burrow | 1 |  | 
| Web | 1 |  | 
| Creature Carapace | 1 |  | 
| Creature Attack | 1 |  | 
                4 total
 » buildings
                
                | Crypt | 1 |  | 
| Graveyard | 1 |  | 
| Altar of Darkness | 1 |  | 
| Ziggurat | 5 |  | 
| Tomb of Relics | 1 |  | 
| Halls of the Dead | 2 |  | 
| Black Citadel | 1 |  | 
| Sacrificial Pit | 1 |  | 
| Boneyard | 1 |  | 
| Spirit Tower | 1 |  | 
                15 total
 » build order
                00:05 Crypt
00:19 Graveyard
00:43 Altar of Darkness
00:58 Ziggurat
01:24 Tomb of Relics
02:01 Ziggurat
04:10 Halls of the Dead
04:10 Halls of the Dead
04:27 Ziggurat
06:08 Ziggurat
07:50 Black Citadel
08:36 Sacrificial Pit
09:57 Ziggurat
10:34 Boneyard
14:12 Spirit Tower
» items
                
                | Rod of Necromancy | 3 |  | 
| Scroll of Town Portal | 4 |  | 
| Orb of Corruption | 1 |  | 
| Scroll of Healing | 1 |  | 
                9 total
  
               
              
              
Iceberg-Slim (
yellow | 122 APM | 2061 actions | 16:50)
              
 4 Priestess of the Moon 
 2 Searing Arrows
 2 Trueshot Aura
 3 Keeper of the Grove 
 2 Entangling Roots
 1 Thorns Aura
 
                » actions 
                
                | Assign group hotkey | 17 |  | 
| Basic commands | 252 |  | 
| Build / train | 42 |  | 
| ESC pressed | 3 |  | 
| Enter build submenu | 13 |  | 
| Enter hero's abilities submenu | 7 |  | 
| Give item / drop item | 1 |  | 
| Remove unit from queue | 1 |  | 
| Right click | 969 |  | 
| Select / deselect | 299 |  | 
| Select group hotkey | 421 |  | 
| Use ability | 36 |  | 
                2061 total
 » units 
                
                | Wisp | 11 |  | 
| Huntress | 11 |  | 
| Druid of the Talon | 1 |  | 
| Chimaera | 4 |  | 
                27 total
 » upgrades
                
                | Sentinel | 1 |  | 
| Nature's Blessing | 0 |  | 
                1 total
 » buildings
                
                | Altar of Elders | 1 |  | 
| Moon Well | 4 |  | 
| Hunter's Hall | 1 |  | 
| Ancient of War | 2 |  | 
| Ancient of Wonders | 1 |  | 
| Tree of Ages | 1 |  | 
| Tree of Eternity | 1 |  | 
| Ancient of Wind | 1 |  | 
| Chimaera Roost | 2 |  | 
| Tree of Life | 1 |  | 
                15 total
 » build order
                00:06 Altar of Elders
00:19 Moon Well
01:52 Hunter's Hall
02:13 Ancient of War
02:17 Ancient of War
02:39 Moon Well
02:46 Ancient of Wonders
03:58 Moon Well
04:16 Tree of Ages
05:33 Moon Well
07:24 Tree of Eternity
07:57 Ancient of Wind
10:18 Chimaera Roost
10:21 Chimaera Roost
15:15 Tree of Life
» items
                
                | Staff of Preservation | 1 |  | 
| Scroll of Town Portal | 1 |  | 
                2 total
  
               
              
              
» 
kunt.roII (
purple | 141 APM | 2373 actions | 16:50)
              
 4 Death Knight 
 2 Death Coil
 2 Unholy Aura
 3 Lich 
 2 Frost Nova
 1 Dark Ritual
 
                » actions 
                
                | Assign group hotkey | 42 |  | 
| Basic commands | 90 |  | 
| Build / train | 55 |  | 
| ESC pressed | 3 |  | 
| Enter build submenu | 14 |  | 
| Enter hero's abilities submenu | 8 |  | 
| Give item / drop item | 3 |  | 
| Right click | 1044 |  | 
| Select / deselect | 216 |  | 
| Select group hotkey | 822 |  | 
| Use ability | 76 |  | 
                2373 total
 » units 
                
                | Acolyte | 4 |  | 
| Ghoul | 3 |  | 
| Crypt Fiend | 10 |  | 
| Frost Wyrm | 1 |  | 
| Obsidian Statue | 2 |  | 
| Abomination | 1 |  | 
                21 total
 » upgrades
                
                | Creature Attack | 1 |  | 
| Burrow | 1 |  | 
| Web | 1 |  | 
                3 total
 » buildings
                
                | Graveyard | 1 |  | 
| Crypt | 1 |  | 
| Altar of Darkness | 1 |  | 
| Ziggurat | 4 |  | 
| Tomb of Relics | 1 |  | 
| Halls of the Dead | 3 |  | 
| Nerubian Tower | 1 |  | 
| Black Citadel | 3 |  | 
| Slaughterhouse | 2 |  | 
| Sacrificial Pit | 1 |  | 
| Spirit Tower | 2 |  | 
| Boneyard | 1 |  | 
                21 total
 » build order
                00:07 Graveyard
00:09 Crypt
00:50 Altar of Darkness
00:59 Ziggurat
01:22 Tomb of Relics
01:42 Ziggurat
03:58 Halls of the Dead
03:58 Halls of the Dead
04:36 Ziggurat
05:37 Nerubian Tower
07:00 Ziggurat
09:25 Black Citadel
10:37 Slaughterhouse
10:39 Slaughterhouse
10:45 Sacrificial Pit
11:42 Spirit Tower
12:26 Boneyard
» items
                
                | Rod of Necromancy | 4 |  | 
| Scroll of Town Portal | 4 |  | 
| Orb of Venom | 1 |  | 
| Lesser Clarity Potion | 2 |  | 
| Orb of Corruption | 1 |  | 
                12 total
  
               
              
              
» 
TIMG4STRok (
orange | 117 APM | 1964 actions | 16:51)
              
 3 Death Knight 
 2 Death Coil
 1 Unholy Aura
 3 Lich 
 2 Frost Nova
 1 Frost Armor
 
                » actions 
                
                | Assign group hotkey | 23 |  | 
| Basic commands | 49 |  | 
| Build / train | 44 |  | 
| Enter build submenu | 13 |  | 
| Enter hero's abilities submenu | 7 |  | 
| Give item / drop item | 1 |  | 
| Right click | 881 |  | 
| Select / deselect | 197 |  | 
| Select group hotkey | 687 |  | 
| Use ability | 62 |  | 
                1964 total
 » units 
                
                | Acolyte | 2 |  | 
| Ghoul | 3 |  | 
| Crypt Fiend | 11 |  | 
| Obsidian Statue | 3 |  | 
                19 total
 » upgrades
                
                | Creature Attack | 1 |  | 
| Burrow | 1 |  | 
| Web | 1 |  | 
| Creature Carapace | 1 |  | 
| Destroyer Form | 1 |  | 
                5 total
 » buildings
                
                | Graveyard | 1 |  | 
| Crypt | 1 |  | 
| Ziggurat | 6 |  | 
| Altar of Darkness | 1 |  | 
| Tomb of Relics | 1 |  | 
| Halls of the Dead | 1 |  | 
| Slaughterhouse | 1 |  | 
| Black Citadel | 1 |  | 
| Necropolis | 2 |  | 
| Spirit Tower | 1 |  | 
                16 total
 » build order
                00:05 Graveyard
00:08 Crypt
00:36 Ziggurat
00:57 Altar of Darkness
01:21 Tomb of Relics
02:03 Ziggurat
04:06 Halls of the Dead
04:09 Ziggurat
07:32 Slaughterhouse
09:01 Ziggurat
10:36 Black Citadel
11:25 Necropolis
11:28 Necropolis
12:45 Ziggurat
13:56 Spirit Tower
13:59 Ziggurat
» items
                
                | Rod of Necromancy | 1 |  | 
| Scroll of Town Portal | 2 |  | 
| Lesser Clarity Potion | 2 |  | 
| Potion of Healing | 2 |  | 
                7 total
  
               team 2 (loser) 
              
              
PR0JECTPR0 (
teal | 39 APM | 649 actions | 16:36)
              
 2 Keeper of the Grove 
 1 Entangling Roots
 1 Thorns Aura
 
                » actions 
                
                | Build / train | 21 |  | 
| Enter build submenu | 2 |  | 
| Enter hero's abilities submenu | 2 |  | 
| Give item / drop item | 3 |  | 
| Right click | 441 |  | 
| Select / deselect | 119 |  | 
| Use ability | 61 |  | 
                649 total
 » units 
                » buildings
                
                | Altar of Elders | 1 |  | 
| Moon Well | 1 |  | 
                2 total
 » build order
                00:05 Altar of Elders
00:20 Moon Well
» items
                
                | Potion of Mana | 1 |  | 
| Scroll of Healing | 1 |  | 
                2 total
  
               
              
              
SpermFeather (
blue | 93 APM | 1563 actions | 16:50)
              
 3 Death Knight 
 2 Death Coil
 1 Unholy Aura
 2 Lich 
 1 Frost Nova
 1 Dark Ritual
 2 Naga Sea Witch 
 1 Frost Arrows
 1 Forked Lightning
 
                » actions 
                
                | Assign group hotkey | 42 |  | 
| Basic commands | 52 |  | 
| Build / train | 58 |  | 
| ESC pressed | 1 |  | 
| Enter build submenu | 15 |  | 
| Enter hero's abilities submenu | 7 |  | 
| Give item / drop item | 3 |  | 
| Remove unit from queue | 3 |  | 
| Right click | 656 |  | 
| Select / deselect | 233 |  | 
| Select group hotkey | 428 |  | 
| Use ability | 65 |  | 
                1563 total
 » units 
                
                | Acolyte | 6 |  | 
| Ghoul | 2 |  | 
| Crypt Fiend | 12 |  | 
| Frost Wyrm | 3 |  | 
                23 total
 » upgrades
                » buildings
                
                | Crypt | 1 |  | 
| Altar of Darkness | 1 |  | 
| Graveyard | 1 |  | 
| Ziggurat | 6 |  | 
| Tomb of Relics | 1 |  | 
| Halls of the Dead | 1 |  | 
| Spirit Tower | 2 |  | 
| Sacrificial Pit | 1 |  | 
| Black Citadel | 2 |  | 
| Boneyard | 1 |  | 
| Slaughterhouse | 1 |  | 
                18 total
 » build order
                00:10 Crypt
00:24 Altar of Darkness
00:41 Graveyard
01:00 Ziggurat
01:11 Tomb of Relics
01:45 Ziggurat
01:47 Ziggurat
04:28 Halls of the Dead
05:32 Spirit Tower
05:32 Spirit Tower
06:04 Ziggurat
06:34 Ziggurat
06:55 Sacrificial Pit
06:56 Black Citadel
06:56 Black Citadel
09:06 Ziggurat
11:16 Boneyard
12:46 Slaughterhouse
» items
                
                | Rod of Necromancy | 1 |  | 
| Dust of Appearance | 1 |  | 
| Sacrificial Skull | 1 |  | 
| Potion of Healing | 6 |  | 
| Orb of Corruption | 4 |  | 
                13 total
  
               
              
              
» 
TOWER-CRAFT (
pink | 72 APM | 1192 actions | 16:34)
              
 5 Death Knight 
 3 Death Coil
 1 Unholy Aura
 1 Death Pact
 4 Lich 
 2 Frost Nova
 2 Dark Ritual
 
                » actions 
                
                | Assign group hotkey | 47 |  | 
| Basic commands | 7 |  | 
| Build / train | 56 |  | 
| Enter build submenu | 20 |  | 
| Enter hero's abilities submenu | 9 |  | 
| Give item / drop item | 3 |  | 
| Right click | 490 |  | 
| Select / deselect | 203 |  | 
| Select group hotkey | 281 |  | 
| Use ability | 76 |  | 
                1192 total
 » units 
                
                | Acolyte | 2 |  | 
| Ghoul | 1 |  | 
| Crypt Fiend | 9 |  | 
| Frost Wyrm | 6 |  | 
                18 total
 » upgrades
                
                | Creature Attack | 3 |  | 
| Burrow | 1 |  | 
| Creature Carapace | 2 |  | 
| Freezing Breath | 1 |  | 
                7 total
 » buildings
                
                | Crypt | 2 |  | 
| Graveyard | 1 |  | 
| Ziggurat | 7 |  | 
| Altar of Darkness | 1 |  | 
| Tomb of Relics | 1 |  | 
| Halls of the Dead | 2 |  | 
| Black Citadel | 2 |  | 
| Sacrificial Pit | 1 |  | 
| Boneyard | 2 |  | 
| Spirit Tower | 1 |  | 
                20 total
 » build order
                00:15 Crypt
00:20 Crypt
00:28 Graveyard
00:45 Ziggurat
01:04 Altar of Darkness
01:45 Tomb of Relics
01:49 Ziggurat
02:28 Halls of the Dead
02:28 Halls of the Dead
03:03 Ziggurat
05:00 Black Citadel
05:01 Black Citadel
05:02 Ziggurat
05:18 Ziggurat
05:22 Sacrificial Pit
06:50 Ziggurat
07:34 Boneyard
07:56 Boneyard
08:04 Ziggurat
13:41 Spirit Tower
» items
                
                | Rod of Necromancy | 1 |  | 
| Potion of Healing | 3 |  | 
| Scroll of Town Portal | 7 |  | 
| Orb of Corruption | 1 |  | 
| Scroll of Healing | 1 |  | 
                13 total
  
               
              
              
yourasianlover (
green | 52 APM | 862 actions | 16:43)
              
 3 Keeper of the Grove 
 2 Entangling Roots
 1 Thorns Aura
 
                » actions 
                
                | Basic commands | 2 |  | 
| Build / train | 42 |  | 
| Enter build submenu | 10 |  | 
| Enter hero's abilities submenu | 3 |  | 
| Remove unit from queue | 7 |  | 
| Right click | 611 |  | 
| Select / deselect | 153 |  | 
| Use ability | 34 |  | 
                862 total
 » units 
                » buildings
                
                | Moon Well | 4 |  | 
| Altar of Elders | 1 |  | 
| Hunter's Hall | 1 |  | 
| Ancient of War | 2 |  | 
                8 total
 » build order
                00:26 Moon Well
01:00 Altar of Elders
02:01 Hunter's Hall
02:18 Ancient of War
02:36 Ancient of War
02:48 Moon Well
03:28 Moon Well
04:15 Moon Well
 
                Chat log
          (00:18 / All) TIMG4STRok: how u feel, now that hackers get banned.
(00:22 / All) B1GID1OT: must suck
(00:25 / All) B1GID1OT: Dam 
(00:27 / All) PR0JECTPR0: why arnt u banned?
(00:30 / All) SpermFeather: k
(00:32 / All) B1GID1OT: He doesnt hack fool!!
(00:33 / All) TIMG4STRok: 100% legit sorry
(00:34 / All) B1GID1OT: !!
(00:35 / All) PR0JECTPR0: and no hackers arnt banned UR STILL HERE
(00:41 / All) TIMG4STRok: aghaghaghaa
(00:45 / All) B1GID1OT: Dam teal
(00:47 / All) TIMG4STRok: god damn i got a reputation all over bnet
(00:48 / All) PR0JECTPR0: ehaehaheaheh
(00:49 / All) B1GID1OT: you served timg
(00:54 / All) TIMG4STRok: sorry my 230 apm is skill not a hack.
(01:00 / All) PR0JECTPR0: uhh
(01:03 / All) PR0JECTPR0: lmao no comment
(01:10 / All) PR0JECTPR0: u guys r just gay =)
(01:54 / All) TIMG4STRok: god why am i so good.....at this game....
(01:55 / All) B1GID1OT: and then this newbie was beggining to refeel bilges
(01:58 / All) B1GID1OT: had he forgot that?
(02:09 / All) B1GID1OT: tina u have a big nose - fix
(02:12 / All) yourasianlover: LOL
(02:17 / All) TOWER-CRAFT: LOL
(02:17 / All) TIMG4STRok: tina eat teh ham
(02:18 / All) TOWER-CRAFT: lol
(02:35 / All) TOWER-CRAFT: u guys
(02:38 / All) TOWER-CRAFT: are stupid nerds
(02:43 / All) kunt.roII:  ? ?
(02:43 / All) TOWER-CRAFT: die in iraq
(02:44 / All) TOWER-CRAFT: more plz
(02:47 / All) TIMG4STRok: at least we good.........at this game.
(02:48 / All) TOWER-CRAFT: newb hack
(02:54 / All) TOWER-CRAFT: Newb hack
(02:59 / All) TOWER-CRAFT: i hope bush nukes russia
(03:01 / All) TOWER-CRAFT: so u die
(03:05 / All) B1GID1OT: none of are russian
(03:08 / All) B1GID1OT: all good usa citizens
(03:08 / All) TIMG4STRok: usa.............born&bred
(03:19 / All) TOWER-CRAFT: IMPOSSIBKLE
(03:20 / All) TIMG4STRok: is like..........this guy.......angerey........he sucks.
(03:36 / All) B1GID1OT: What had happened tower-craft
(03:41 / All) TOWER-CRAFT: HOW DID
(03:42 / All) TOWER-CRAFT: THAT
(03:44 / All) TOWER-CRAFT: GE TTHERE
(03:46 / All) TOWER-CRAFT: ???????
(03:47 / All) B1GID1OT: we have unit control hack
(03:50 / All) TOWER-CRAFT: LOL
(03:52 / All) TIMG4STRok: how do you play so many games and still suck
(03:54 / All) TOWER-CRAFT: HACKERS
(03:56 / All) TIMG4STRok: i mean you hacked but come on
(03:57 / All) B1GID1OT: yup 
(03:59 / All) TIMG4STRok: you still played this game
(04:05 / All) TOWER-CRAFT: this my frist
(04:08 / All) TOWER-CRAFT: tft account
(04:09 / All) TOWER-CRAFT: ever
(04:11 / All) TOWER-CRAFT: i dont have 20 smurfs
(04:13 / All) TOWER-CRAFT: like u
(04:15 / All) TIMG4STRok: ok you're still bad
(04:20 / All) TIMG4STRok: no this is my only account
(04:21 / All) TOWER-CRAFT: i can go
(04:22 / All) TOWER-CRAFT: 40-0
(04:23 / All) TOWER-CRAFT: solo
(04:24 / All) TOWER-CRAFT: tho
(04:25 / All) TOWER-CRAFT: O
(04:30 / All) TIMG4STRok: ahahaha
(04:32 / All) B1GID1OT: lol 40-0
(04:33 / All) B1GID1OT: no u cant
(04:36 / All) TOWER-CRAFT: yea i can
(04:37 / All) TOWER-CRAFT: ..
(04:42 / All) B1GID1OT: Ok
(04:43 / All) TIMG4STRok: hackers get banned sorry
(04:55 / All) B1GID1OT: sorry...hackers
(05:04 / All) PR0JECTPR0: LOL
(05:04 / All) kunt.roII: LOL
(05:12 / All) kunt.roII: ur so pro.
(05:17 / All) PR0JECTPR0: inorite
(05:34 / All) TIMG4STRok: lmao
(05:35 / All) TIMG4STRok: green
(05:43 / All) PR0JECTPR0: lmao massers
(05:44 / All) TIMG4STRok: that det
(05:56 / All) B1GID1OT: good...micro
(06:58 / All) B1GID1OT: tp
(07:02 / All) B1GID1OT: ...
(07:10 / All) B1GID1OT: dam..look a tthat....bha
(07:13 / All) B1GID1OT: Repair
(07:53 / All) B1GID1OT: nice job guys...
(08:14 / All) B1GID1OT: tina dont uproot./.
(08:25 / All) B1GID1OT: u...foool
(09:27 / All) B1GID1OT: gj teal
(09:31 / All) B1GID1OT: lost ur team da game
(09:31 / All) PR0JECTPR0: idc
(09:36 / All) PR0JECTPR0: of course
(09:39 / All) PR0JECTPR0: i have expo noob
(09:42 / All) B1GID1OT: yup
(10:02 / All) PR0JECTPR0: and u all suck eachothers cock
(10:12 / All) PR0JECTPR0: am i rite
(10:14 / All) PR0JECTPR0: or am i wrong?
(10:21 / All) B1GID1OT: nice....micro
(11:15 / All) B1GID1OT: nice....micro
(11:20 / All) PR0JECTPR0: nice....stfu
(11:31 / All) B1GID1OT: good...micro...
(11:38 / All) PR0JECTPR0: nice.........stuf...
(11:44 / All) B1GID1OT: goood..army tina
(11:47 / All) TIMG4STRok: eahahahahaha god you guys are so bad im laughing.
(12:31 / All) B1GID1OT: nice....
(12:51 / All) PR0JECTPR0: ;o
(12:53 / All) TIMG4STRok: tangle the almost dead one
(12:58 / All) TIMG4STRok: not the one with full hp LOL
(13:04 / All) PR0JECTPR0: couldnt get it nb
(13:14 / All) TIMG4STRok: sorry your hacks dont work anymore :(
(13:23 / All) PR0JECTPR0: what r hax?
(15:06 / All) B1GID1OT: Nice...
(15:41 / All) B1GID1OT: u refeelin bilgrs yet newbie
(16:30 / All) B1GID1OT: Look at this newbie
(16:34 / All) B1GID1OT: 40-0 solo
(16:47 / All) B1GID1OT: nice